 Dungeon Crawl Stone Soup version 0.26.1-11-gd32895ea62 (webtiles) character file.

Game seed: 9228797970815877579

2557 Zeld the Thrower (level 9, -7/87 HPs)
             Began as a Troll Hunter on June 11, 2021.
             Mangled by a killer bee (8 damage)
             ... on level 6 of the Dungeon.
             The game lasted 00:12:22 (7420 turns).

Zeld the Thrower (Troll Hunter)                     Turns: 7420, Time: 00:12:22

Health: -7/87      AC:  7    Str: 25    XL:     9   Next: 31%
Magic:  8/8        EV: 11    Int:  7    God:
Gold:   381        SH:  0    Dex: 10    Spells: 8/8 levels left

rFire    . . .     SeeInvis .   a - +0 giant club
rCold    . . .     Faith    .   (shield currently unavailable)
rNeg     . . .     Spirit   .   b - +0 robe
rPois    +         Reflect  .   (helmet restricted)
rElec    .         Harm     .   s - +0 cloak
rCorr    .         Rampage  .   (gloves unavailable)
Will     .....                  (boots unavailable)
Stlth    +.........             (no amulet)
HPRegen  0.64/turn              l - ring of poison resistance
MPRegen  0.11/turn              (no ring)

@: lethally poisoned (-7 -> -8)
A: large, unfitting armour, claws 3, regeneration 1, shaggy fur 1, tough skin 3
a: no special abilities


You were on level 6 of the Dungeon.
You visited 2 branches of the dungeon, and saw 8 of its levels.

You collected 381 gold pieces.

Inventory:

Hand Weapons
 a - a +0 giant club (weapon)
Missiles
 c - 2 large rocks (quivered)
 d - 2 throwing nets
 v - 3 boomerangs
Armour
 b - a +0 robe (worn)
 s - a +0 cloak (worn)
Jewellery
 l - a ring of poison resistance (left claw)
Wands
 g - a wand of digging (3)
Scrolls
 e - 3 scrolls of enchant armour
 f - 4 scrolls of remove curse
 k - 3 scrolls of teleportation
 n - a scroll of enchant weapon
Potions
 h - 2 potions of mutation {unknown}
 j - 2 potions of curing {unknown}
 m - 2 potions of brilliance {unknown}
 o - a potion of might
 r - 2 potions of heal wounds {unknown}
 w - a potion of degeneration {unknown}
 x - 2 potions of flight {unknown}
 z - a potion of lignification {unknown}
 A - 3 potions of attraction {unknown}
 B - a potion of haste {unknown}


   Skills:
 + Level 4.8 Fighting
 * Level 5.3 Maces & Flails
 * Level 8.1 Throwing
 + Level 4.8 Dodging
 - Level 0.3 Stealth


You had 8 spell levels left.
You didn't know any spells.
Your spell library was empty.

Dungeon Overview and Level Annotations

Branches:
Dungeon (7/15)             Temple (1/1) D:5

Altars:
Cheibriados
Elyvilon
Fedhas
Gozag
Hepliaklqana
Kikubaaqudgha
Makhleb
Nemelex Xobeh
Okawaru
Qazlal
Ru
Sif Muna
Trog
Uskayaw
Xom
Zin
The Shining One

Shops:
D:6 =


Innate Abilities, Weirdness & Mutations

You are too large for most types of armour.
You have claws for hands.
Your natural rate of healing is unusually fast.
You are covered in fur. (AC +1)
You have extremely tough skin. (AC +3)


Message History

Throw: 4 large rocks
Press: ? - help, Q - select action, (/) - cycle Shift-Dir - straight line, f/p - killer bee
Aim: a killer bee (moderately wounded, 36% to hit)
You throw a large rock. The large rock hits the killer bee!
The killer bee is almost dead.
You feel sick. The killer bee stings you!
* * * LOW HITPOINT WARNING * * *
The killer bee closely misses you. The killer bee barely misses you.
Unknown command.
Okay, then.
Throw: 3 large rocks
Press: ? - help, Q - select action, (/) - cycle Shift-Dir - straight line, f/p - killer bee
Aim: a killer bee (severely wounded, 36% to hit)
You throw a large rock.
The large rock closely misses the killer bee.
You feel sick. The killer bee completely misses you. The killer bee stings you.
* * * LOW HITPOINT WARNING * * *
You are lethally poisoned!
The killer bee poisons you! The killer bee stings you!
You die... .......# #..# #.# .......# ##.## #.# .......# #..# #.# #.##+### #..## #.# P.PPP# ##..# #.# ....P# #..# #.# PPP.P#

##.## #.# ....P##########..#
#.#
P.P.P##..(.....y@####.#######
P.P.P##.#####...............#
PPPPP##.#...#.#######.#####.#
P...P.....#.#.# #.#####.#
P.PPP##.#...#.# #.#..##.#
..P...#.#.###.# #.#..##.#
P.P.P.#.#.....# #.#..##.#
P...P.#.#####.# #.#..##.##
P.PPP.#.# #.#######.#......#


You could see a killer bee.

Vanquished Creatures
  Maggie (D:6)
  Sigmund (D:2)
  Edmund (D:6)
  Menkaure (D:5)
  2 orc warriors
  A sky beast (D:6)
  2 phantoms
  4 ogres
  3 bullfrogs
  2 scorpions
  A howler monkey (D:4)
  A bullfrog zombie (D:5)
  A hound (D:6)
  A jelly (D:5)
  3 orc priests
  Crazy Yiuf (D:3)
  7 orc wizards
  3 worker ants
  A hound zombie (D:5)
  2 howler monkey skeletons
  9 adders
  A shadow imp (D:5)
  2 white imps
  3 oozes
  5 worms
  4 dart slugs (D:1)
  5 leopard geckos
  29 orcs
  A ball python (D:3)
  9 bats
  10 giant cockroaches
  8 goblins
  10 hobgoblins
  3 jackals (D:4)
  3 quokkas
  6 frilled lizards
  4 kobolds
  A leopard gecko skeleton (D:5)
  A quokka skeleton (D:4)
  2 quokka zombies
  10 rats
  A bush (D:6)
166 creatures vanquished.

Vanquished Creatures (others)
  A rat (D:1)
  5 fungi (D:3)
6 creatures vanquished.

Grand Total: 172 creatures vanquished

Notes
Turn   | Place    | Note
-------+----------+-------------------------------------------
     0 | D:1      | Zeld the Troll Hunter began the quest for the Orb.
     0 | D:1      | Reached XP level 1. HP: 19/19 MP: 0/0
    73 | D:1      | Reached XP level 2. HP: 28/28 MP: 1/1
   155 | D:1      | Reached skill level 4 in Throwing
   218 | D:1      | Reached XP level 3. HP: 33/35 MP: 2/2
   903 | D:2      | Reached XP level 4. HP: 34/42 MP: 3/3
  1385 | D:2      | Noticed Sigmund
  1413 | D:2      | Killed Sigmund
  1414 | D:2      | Reached skill level 5 in Throwing
  1414 | D:2      | Reached XP level 5. HP: 50/52 MP: 4/4
  1464 | D:2      | Reached XP level 6. HP: 59/59 MP: 5/5
  1770 | D:3      | Found a hazy altar of Hepliaklqana.
  2249 | D:3      | Found a runed translucent door.
  2250 | D:3      | Noticed Crazy Yiuf
  2259 | D:3      | Killed Crazy Yiuf
  2641 | D:4      | Reached skill level 6 in Throwing
  2641 | D:4      | Reached XP level 7. HP: 62/67 MP: 6/6
  2676 | D:4      | Reached skill level 1 in Maces & Flails
  3056 | D:4      | Found a sacrificial altar of Ru.
  3430 | D:5      | Entered Level 5 of the Dungeon
  3829 | D:4      | Reached XP level 8. HP: 35/78 MP: 7/7
  4265 | D:5      | Noticed Menkaure
  4275 | D:5      | Killed Menkaure
  4276 | D:5      | Reached skill level 7 in Throwing
  4446 | D:5      | Found a staircase to the Ecumenical Temple.
  4584 | Temple   | Entered the Ecumenical Temple
  5032 | D:6      | Noticed Edmund
  5067 | D:6      | Killed Edmund
  6045 | D:6      | Reached XP level 9. HP: 85/85 MP: 8/8
  6303 | D:6      | Noticed Maggie
  6307 | D:6      | Killed Maggie
  6308 | D:6      | Reached skill level 5 in Maces & Flails
  6308 | D:6      | Reached skill level 8 in Throwing
  6645 | D:6      | Found Beopa's Jewellery Shoppe.
  7045 | D:6      | Found a white marble altar of Elyvilon.
  7419 | D:6      | HP: 4/87 [killer bee (8)]
  7420 | D:6      | HP: 1/87 [killer bee (3)]
  7420 | D:6      | Mangled by a killer bee

Illustrated notes

Levels and vault maps discovered:
D:1:      erik_arrival_orb_chamber, layout_basic
D:2:      minmay_spotlight, layout_loops_ring, chequers_jeans,
          chequers_decorated_corner, uniq_sigmund
D:3:      layout_rooms, nicolae_overflow_crystal_walls, uniq_crazy_yiuf_cottage
D:4:      layout_loops_corners, minmay_ruined_shrine
D:5:      layout_loops_ring, minmay_temple_entry_purple_smoke, uniq_menkaure
D:6:      layout_basic, lemuel_coloured_pillars_altar, serial_shops,
          shop_statue, minivault_11, minmay_hedge_maze, uniq_edmund, uniq_maggie
D:7:      cheibrodos_fzero, layout_basic
Temple:   jpeg_temple_clearing

Skill      XL: |  1  2  3  4  5  6  7  8  9 |
---------------+----------------------------+-----
Throwing       | 4 5 6 7 8 |  8.1
Fighting       | 2 3 4 |  4.8
Dodging        | 2 3 4 |  4.8
Maces & Flails | 2 4 5 |  5.3
Stealth        | |  0.3

Action                   |  1- 3 |  4- 6 |  7- 9 || total
-------------------------+-------+-------+-------++-------
Melee: Unarmed           |   125 |   160 |       ||   285
       Giant club        |       |    28 |   397 ||   425
Throw: Large rock        |       |     6 |    14 ||    20
  Use: Scroll            |       |       |     8 ||     8
 Stab: Sleeping          |       |     1 |       ||     1
Armor: Robe              |    51 |    75 |   175 ||   301
Dodge: Dodged            |    68 |   104 |   270 ||   442
